 Dungeon Crawl Stone Soup version 0.30.1-11-g7821555f0a (webtiles) character file.

Game seed: 14156421222482599016

4 ChrisAssaf the Grave Robber (level 1, 0/9 HPs)
             Began as a Vine Stalker Necromancer on Dec 16, 2023.
             Slain by a hobgoblin (1 damage)
             ... on level 1 of the Dungeon.
             The game lasted 00:00:38 (76 turns).

ChrisAssaf the Grave Robber (VSNe)                    Turns: 76, Time: 00:00:39

Health: 0/9        AC:  2    Str: 10    XL:     1   Next: 70%
Magic:  0/4        EV: 12    Int: 15    God:
Gold:   0          SH:  0    Dex: 14    Spells: 3/4 levels left

rFire   . . .        (no weapon)
rCold   . . .        (no shield)
rNeg    . . .        a - +0 robe
rPois   .            (no helmet)
rElec   .            (no cloak)
rCorr   .            (no gloves)
SInv    .            (no boots)
Will    .....        (no amulet)
Stlth   ++           (no ring)
HPRegen 0.21/turn    (no ring)
MPRegen 0.09/turn

%: guardian spirit
@: no status effects
A: fangs 2, magic shield, antimagic bite, no potion heal 2
a: no special abilities


You were on level 1 of the Dungeon.
You visited 1 branch of the dungeon, and saw 1 of its levels.

Inventory:

Armour
 a - a +0 robe (worn)
Potions
 b - a potion of magic


   Skills:
 * Level 1.5 Dodging
 * Level 2.6 Stealth
 * Level 2.2 Spellcasting
 * Level 4.1 Necromancy


You had 3 spell levels left.
You knew the following spells:

 Your Spells              Type           Power      Damage    Failure   Level
a - Necrotise             Necr           56%        1d6       4%          1

Your spell library contained the following spells:

 Spells                   Type           Power      Damage    Failure   Level
 Vampiric Draining        Necr           14%        2d7       12%         3
 Animate Dead             Necr           14%        N/A       36%         4
 Agony                    Necr           14%        N/A       73%         5


Dungeon Overview and Level Annotations

Branches:
Dungeon (1/15)

Altars:


Innate Abilities, Weirdness & Mutations

You have extremely sharp teeth.
When hurt, damage is shared between your health and your magic reserves.
Your bite disrupts and absorbs the magic of your enemies.
Potions cannot restore your health.


Message History

Your jackal skeleton completely misses the jackal.
Aiming: Necrotise (safe; 4% risk of failure)
Press: ? - help, Q - select action Shift-Dir - straight line, f/p - jackal
Aim: a jackal (ally target, chance to affect: 83%)
You miscast Necrotise.
Nothing appears to happen.
The jackal bites you.
Your kobold skeleton closely misses the jackal.
Your jackal skeleton bites the jackal.
You hit the jackal.
The jackal is severely wounded.
The jackal bites you.
Your jackal skeleton bites the jackal.
The jackal dies!
Unknown command.
Your jackal skeleton barely misses the hobgoblin.
Your kobold skeleton misses the hobgoblin.
The hobgoblin barely misses your jackal skeleton.
Your jackal skeleton barely misses the hobgoblin.
The hobgoblin hits your jackal skeleton.
Your jackal skeleton closely misses the hobgoblin.
Your kobold skeleton hits the hobgoblin but does no damage.
The hobgoblin completely misses your kobold skeleton.
Your jackal skeleton barely misses the hobgoblin.
Your kobold skeleton hits the hobgoblin but does no damage.
Your jackal skeleton barely misses the hobgoblin.
The hobgoblin hits your jackal skeleton.
Your jackal skeleton is destroyed!
Your kobold skeleton hits the hobgoblin but does no damage.
The hobgoblin attacks as you move away! The hobgoblin hits you.
Your magical contamination has completely faded away.
Aiming: Necrotise (safe; 4% risk of failure)
Press: ? - help, Q - select action Shift-Dir - straight line, f - hobgoblin
Aim: a hobgoblin (ally target, chance to affect: 84%)
The hobgoblin writhes in agony.
The hobgoblin closely misses you.
Unknown command.
Your kobold skeleton hits the hobgoblin but does no damage.
The hobgoblin hits you.
* * * LOW HITPOINT WARNING * * *
The hobgoblin attacks as you move away! The hobgoblin hits you.
You die...

.........................
.........................
...................######
..⌠........⌠......##
...............####
####......###### ###
######''#########...
.........g........#####
#.#.....@.Z...^.#......
#...........).#......
#....................
#....................
#...#######.##.......
#... #.# ....... #... #.#
....... #... #.# .......
#.. #.. ...###.


You could see a hobgoblin (ally target) and a friendly kobold skeleton.

Vanquished Creatures
  A jackal (D:1)
  A kobold (D:1)
  A rat (D:1)
3 creatures vanquished.

Vanquished Creatures (collateral kills)
  A jackal (D:1)
1 creature vanquished.

Grand Total: 4 creatures vanquished

Notes
Turn   | Place    | Note
-------+----------+-------------------------------------------
     0 | D:1      | ChrisAssaf the Vine Stalker Necromancer began the quest for
                  | the Orb.
     0 | D:1      | Reached XP level 1. HP: 9/9 MP: 4/4
    76 | D:1      | Slain by a hobgoblin

Illustrated notes

Levels and vault maps discovered:
D:1:      tekkud_arrival_beachfront_property, layout_basic

Action                     || total
---------------------------++-------
  Melee: Unarmed           ||     2
   Cast: Necrotise         ||     5
 Armour: Robe              ||     1
  Dodge: Dodged            ||     6
